 Dungeon Crawl Stone Soup version 0.31-a0-1068-g5939ac1fb6 (webtiles) character file.

Game seed: 247071529061517468

8 Chiseanne the Stinger (level 2, 19/19 HPs)
             Began as a Demonspawn Wanderer on Nov 24, 2023.
             Quit the game on level 1 of the Dungeon.
             The game lasted 00:01:09 (362 turns).

Chiseanne the Stinger (Demonspawn Wanderer)          Turns: 362, Time: 00:01:10

Health: 19/19      AC:  3    Str: 10    XL:     2   Next: 0%
Magic:  4/4        EV: 12    Int: 17    God:
Gold:   18         SH:  0    Dex: 10    Spells: 3/3 levels left

rFire   . . .        a - +2 dagger (elec)
rCold   . . .        (no shield)
rNeg    . . .        d - +0 robe
rPois   .            f - +0 helmet
rElec   .            (no cloak)
rCorr   .            (no gloves)
SInv    .            (no boots)
Will    .....        (no amulet)
Stlth   +            (no ring)
HPRegen 0.23/turn    (no ring)
MPRegen 0.09/turn

%: no passive effects
@: no status effects
A: hooves 1
a: no special abilities


You were on level 1 of the Dungeon.
You visited 1 branch of the dungeon, and saw 1 of its levels.

You collected 18 gold pieces.

Inventory:

Hand Weapons
 a - a +2 dagger of electrocution (weapon)
Missiles
 b - 8 boomerangs (quivered)
 e - 4 stones
Armour
 d - a +0 robe (worn)
 f - a +0 helmet (worn)
Scrolls
 g - a scroll of fog {unknown}
Potions
 c - a potion of haste


   Skills:
 - Level 1.0 Throwing
 - Level 1.0 Armour
 * Level 2.0 Dodging
 * Level 1.3 Spellcasting
 - Level 2.0 Hexes
 * Level 3.1 Poison Magic


You had 3 spell levels left.
You didn't know any spells.
Your spell library contained the following spells:

 Spells                   Type           Power      Damage    Failure   Level
 Slow                     Hex            28%        N/A       9%          1
 Sting                    Tmut/Pois      24%        1d4       11%         1
 Confusing Touch          Hex            7%         N/A       26%         3
 Scorch                   Fire           2%         2d5       30%         2
 Ignite Poison            Fire/Tmut/Pois 4%         N/A       38%         3
 Mephitic Cloud           Conj/Pois/Air  4%         N/A       38%         3
 Flame Wave               Conj/Fire      1%         2d4       90%         4
 Summon Cactus Giant      Summ           0%         N/A       100%        6


Dungeon Overview and Level Annotations

Branches:
Dungeon (1/15)

Altars:


Innate Abilities, Weirdness & Mutations

You have large cloven feet.


Message History

e - 2 stones
e - 4 stones (gained 2)
You now have 18 gold pieces (gained 2).
A goblin comes into view. It is wielding a +0 club.
The goblin barely misses you.
You hit the goblin but do no damage. The goblin hits you with a +0 club.
You hit the goblin.
The goblin is almost dead.
The goblin hits you but does no damage.
You closely miss the goblin.
The goblin is almost dead.
The goblin misses you.
You hit the goblin but do no damage.
The goblin is almost dead.
The goblin closely misses you.
You barely miss the goblin.
The goblin is almost dead.
The goblin closely misses you.
You closely miss the goblin.
The goblin is almost dead.
The goblin hits you but does no damage.
You hit the goblin.
You kill the goblin!
Things that are here:
a +0 club; a goblin corpse You open the door.
There is an open door here.
g - a scroll labelled RIQOISHU UDGHU An endoplasm comes into view.
The endoplasm quivers.
You hit the endoplasm.
The endoplasm is moderately wounded.
The endoplasm hits you but does no damage.
You hit the endoplasm.
Lightning courses through the endoplasm!
You kill the endoplasm!
You have reached level 2!
Your demonic ancestry asserts itself...
Your feet thicken and deform.
Are you sure you want to abandon this character and quit the game? (Confirm with "yes".)

#......##......#...........#.#...
........'......#############.####
.....#.##.......................
....##.###..........###.....###
#......# ##.....##### ##.#...#
#.###..# ##...## ##.#.## #. ...#
##### ### ###.# # ##..#
###♣♣♣♣♣♣8♣♣♣♣♣♣##.# ...
.......@...........#
.##♣♣♣♣♣♣8♣♣♣♣♣♣#### ###


There were no monsters in sight!

Vanquished Creatures
  An endoplasm (D:1)
  3 goblins (D:1)
  2 ball pythons (D:1)
  A frilled lizard (D:1)
  A rat (D:1)
8 creatures vanquished.

Notes
Turn   | Place    | Note
-------+----------+-------------------------------------------
     0 | D:1      | Chiseanne the Demonspawn Wanderer began the quest for the
                  | Orb.
     0 | D:1      | Chiseanne set off with the following items: a +0 dagger, 8
                  | boomerangs, a potion of haste, a +0 robe; and the following
                  | spells available to memorise: Slow, Sting, Confusing Touch,
                  | Ignite Poison, Mephitic Cloud.
     0 | D:1      | Reached XP level 1. HP: 13/13 MP: 2/2
   362 | D:1      | Gained mutation: You have large cloven feet. [demonic
                  | ancestry]
   362 | D:1      | Reached XP level 2. HP: 19/19 MP: 4/4
   362 | D:1      | Quit the game

Illustrated notes

Levels and vault maps discovered:
D:1:      amcnicky_arrival_underground_garden, layout_loops_corners,
          shapermc_ecumenical_altar_totnotflames, dreamdust_princess_corridor,
          roderic_lattice_a

Skill      XL: |  1 |
---------------+----+-----
Dodging        | 2 |  2.0
Throwing       | |  1.0
Armour         | |  1.0
Spellcasting   | |  1.3
Hexes          | |  2.0
Poison Magic   | |  3.1

Action                     || total
---------------------------++-------
  Melee: Dagger            ||    34
  Throw: Boomerang         ||     1
    Use: Scroll            ||     1
 Armour: Robe              ||    17
  Dodge: Dodged            ||    19

Table legend: (Time is in decaauts)
 A = Elapsed time spent in this place.
 B = Non-inter-level travel time spent in this place.
 C = Inter-level travel time spent in this place.
 D = Time resting spent in this place.
 E = Time spent auto-exploring this place.
 F = Levels seen in this place.
 G = Mean time per level.
                   A        B        C        D        E       F      G
               +--------+--------+--------+--------+--------+-----+--------+
         Total |    361 |    361 |      0 |     30 |    249 |   1 |  361.0 |
       Dungeon |    361 |    361 |      0 |     30 |    249 |   1 |  361.0 |
               +--------+--------+--------+--------+--------+-----+--------+

Top non-repeatable levels by time:
     D:1: 361 daAuts
